 Dungeon Crawl Stone Soup version 0.24-a0-269-g32ec7ca (webtiles) character file.

Game seed: 2280227708684123810

35 AngleWyrm the Caller (level 3, 0/24 HPs)
             Began as a Merfolk Summoner on Apr 21, 2019.
             Slain by a worm (8 damage)
             ... on level 2 of the Dungeon.
             The game lasted 00:17:04 (1783 turns).

AngleWyrm the Caller (Merfolk Summoner)             Turns: 1783, Time: 00:17:05

Health: 0/24       AC:  2    Str:  9    XL:     3   Next: 35%
Magic:  4/6        EV: 13    Int: 14    God:
Gold:   90         SH:  0    Dex: 14    Spells: 3/6 levels left

rFire    . . .     SeeInvis .   b - +0 dagger
rCold    . . .     Gourm    .   (no shield)
rNeg     . . .     Faith    .   a - +0 robe
rPois    .         Spirit   .   (no helmet)
rElec    .         Reflect  .   (no cloak)
rCorr    .         Harm     .   (no gloves)
MR       .....                  (no boots)
Stlth    ++........             (no amulet)
HPRegen  0.08/turn              (no ring)
MPRegen  0.10/turn              (no ring)

@: no status effects
A: change form in water, swift swim, stealthy swim
a: no special abilities


You were on level 2 of the Dungeon.
You were not hungry.

You visited 1 branch of the dungeon, and saw 2 of its levels.

You collected 90 gold pieces.

Inventory:

Hand Weapons
 b - a +0 dagger (weapon)
Missiles
 d - 65 stones (quivered)
Armour
 a - a +0 robe (worn)
 f - a +0 leather armour
Scrolls
 e - 2 scrolls of amnesia {unknown}
 g - a scroll of identify {unknown}
 h - 2 scrolls of blinking {unknown}
 j - a scroll of enchant weapon {unknown}
 m - a scroll of remove curse {unknown}
Potions
 i - a potion of brilliance {unknown}
 k - a potion of flight {unknown}
Comestibles
 c - 5 rations
 l - 4 chunks of flesh


   Skills:
 + Level 0.1 Fighting
 * Level 1.1 Short Blades
 + Level 0.3 Throwing
 + Level 2.7 Dodging
 + Level 2.4 Stealth
 + Level 2.2 Spellcasting
 + Level 4.5 Summonings


You had 3 spell levels left.
You knew the following spells:

 Your Spells              Type           Power        Failure   Level  Hunger
a - Summon Small Mammal   Summ           ##..         3%          1    #......
b - Call Imp              Summ           ##......     5%          2    ###....

Your spell library contained the following spells:

 Spells                   Type           Power        Failure   Level  Hunger
 Call Canine Familiar     Summ           ##......     11%         3    ###....
 Summon Guardian Golem    Hex/Summ       #.......     26%         3    ###....
 Summon Ice Beast         Ice/Summ       #.......     65%         4    #####..
 Summon Lightning Spire   Summ/Air       #.......     65%         4    #####..


Dungeon Overview and Level Annotations

Branches:
Dungeon (2/15)

Altars:


Message History

What are your orders? t - Shout!
Orders for allies: a - Attack new target. p - Attack previous target. r - Retreat! s - Stop attacking. g - Guard the area. f - Follow me.
Anything else - Cancel.
Gang up on whom?
Press: ? - help, Dir - move target cursor, f/p - worm
Aim: a worm (lightly wounded) Attack!
You hit the worm.
The worm is lightly wounded.
Your crimson imp hits the worm.
You hit the worm.
The worm is heavily wounded.
The worm bites you!
Your crimson imp hits the worm.
You hit the worm.
The worm is almost dead.
The worm bites you!
You die...

#.##.# ..# #.##.#
..# #.##.# #
#.#.#.##.#
#.#.#.#.# #.#.#.#.#
#.#s#.#.#
.####...#.#.##.####
.......@#.#<.......
#######w#.#.##.####
....5.5..<#.# #
###.#.#(#.#.#
#.#.#.#.# # #.#.#.#
#.#.#.# #.#.#.#
#.#.#


You could see a worm, a giant cockroach and a friendly crimson imp.

Vanquished Creatures
  A dart slug (D:1)
  A giant cockroach (D:2)
  2 goblins
  2 hobgoblins
  A quokka (D:2)
  3 bats (D:1)
  A frilled lizard (D:1)
  A kobold (D:2)
  10 rats
22 creatures vanquished.

Vanquished Creatures (collateral kills)
  An orc (D:2)
  A giant cockroach (D:2)
  4 goblins (D:1)
  2 hobgoblins (D:2)
  A bat (D:1)
  A frilled lizard (D:1)
  2 kobolds (D:1)
  6 rats (D:1)
18 creatures vanquished.

Grand Total: 40 creatures vanquished

Notes
Turn   | Place    | Note
-------+----------+-------------------------------------------
     0 | D:1      | AngleWyrm the Merfolk Summoner began the quest for the Orb.
     0 | D:1      | Reached XP level 1. HP: 13/13 MP: 3/3
    87 | D:1      | Reached XP level 2. HP: 19/19 MP: 3/5
   414 | D:1      | Learned a level 2 spell: Call Imp
   481 | D:1      | Reached XP level 3. HP: 24/24 MP: 4/6
  1550 | D:2      | Reached skill level 1 in Short Blades
  1783 | D:2      | Slain by a worm

Levels and vault maps discovered:
D:1:      erik_arrival_orb_chamber, layout_rooms, serial_co_window_serial,
          co_window_cross_1, co_window_of_opportunity_a,
          co_window_of_opportunity_a, co_window_paths_b, co_window_paths_a,
          co_window_broadway_b, co_window_cross_3, co_window_broadway_b,
          co_window_corner_b, co_window_broadway_a, glass_columns_a,
          glass_columns_a
D:2:      layout_basic

Skill      XL: |  1  2  3 |
---------------+----------+-----
Short Blades   | 1 |  1.1
Fighting       | |  0.1
Throwing       | |  0.3
Dodging        | |  2.7
Stealth        | |  2.4
Spellcasting   | |  2.2
Summonings     | |  4.5

Action                   || total
-------------------------++-------
Melee: Dagger            ||   133
Throw: Stone             ||     9
 Cast: Summon Small Mamm ||    16
       Call Imp          ||     4
  Eat: Ration            ||     1
Armor: Robe              ||    24
Dodge: Dodged            ||   110

Table legend:
 A = Non-vault XP
 B = Vault XP
 C = Vault XP percentage of total XP
 D = Non-vault monster count
 E = Vault monster count
 F = Vault count percentage of total count
                 A         B        C        D         E       F
            +---------+---------+-------+---------+---------+-------
      Total |      39 |      12 |  23.5 |      28 |      12 |  30.0
            +---------+---------+-------+---------+---------+-------
        D:1 |      24 |      12 |  33.3 |      18 |      12 |  40.0
        D:2 |      15 |       0 |   0.0 |      10 |       0 |   0.0
            +---------+---------+-------+---------+---------+-------
